 Dungeon Crawl Stone Soup version 0.30-a0-845-g7c6808c8ce (webtiles) character file.

Game seed: 5608086511038865845

4169 jasper the Thaumaturge (level 10, -3/59 HPs)
             Began as a Deep Elf Earth Elementalist on Mar 2, 2023.
             Was a Believer of Ashenzari.
             Slain by a hornet (15 damage)
             ... on level 9 of the Dungeon.
             The game lasted 00:15:47 (7123 turns).

jasper the Thaumaturge (DEEE)                       Turns: 7123, Time: 00:15:47

Health: -3/59      AC:  4    Str:  5    XL:     10   Next: 7%
Magic:  26/37      EV: 22    Int: 25    God:    Ashenzari [**....]
Gold:   86         SH:  0    Dex: 15    Spells: 18/34 levels left

rFire   . . .      SeeInvis +    i - +0 rapier (chaos)
rCold   . . .      Faith    .    (no shield)
rNeg    . . .      Spirit   .    a - +1 robe of Ashenzari's Ordeal {Elem, Bglg} (curse)
rPois   .          Reflect  .    (no helmet)
rElec   .          Rampage  .    (no cloak)
rCorr   .                        p - +0 pair of gloves "I Foresaw This" {Cun, Bglg} (curse)
Will    +....                    (no boots)
Stlth   ++                       A - amulet of the acrobat
HPRegen 0.29/turn                m - ring "Restrained Urgency" {MP+9, Bglg, Melee} (curse)
MPRegen 0.25/turn                P - ring of Supernal Knowledge {EV+5, Melee, Elem} (curse)

@: slowed, very slow
A: no striking features
a: Renounce Religion, Shatter the Chains


You were on level 9 of the Dungeon.
You worshipped Ashenzari.
Ashenzari was pleased with you.
You visited 2 branches of the dungeon, and saw 10 of its levels.
You also visited: Ossuary.

You collected 385 gold pieces.
You spent 299 gold pieces at shops.

Inventory:

Hand Weapons
 f - a +0 short sword
 i - a +0 rapier of chaos (weapon)
 s - a +0 dagger of freezing
Missiles
 e - 44 stones
 t - 2 poisoned darts
Armour
 a - the cursed +1 robe of Ashenzari's Ordeal (worn) {Elem, Bglg}

   It has a curse which improves the following skills: Elements: Fire Magic, Ice
   Magic, Air Magic and Earth Magic.
   Beguiling: Conjurations, Hexes and Translocations.
 p - the cursed +0 pair of gloves "I Foresaw This" (worn) {Cun, Bglg}
   (You found it on level 3 of the Dungeon)

   It has a curse which improves the following skills: Cunning: Dodging and
   Stealth.
   Beguiling: Conjurations, Hexes and Translocations.
 L - a +2 robe of fire resistance
Magical Staves
 K - a staff of fire
Jewellery
 m - the cursed ring "Restrained Urgency" (left hand) {MP+9, Bglg, Melee}
   (You found it on level 2 of the Dungeon)

   [ring of magical power]

   MP:        It affects your magic capacity (+9).
   It has a curse which improves the following skills: Beguiling: Conjurations,
   Hexes and Translocations.
   Melee Combat: Short Blades, Long Blades, Axes, Maces & Flails, Polearms,
   Staves and Unarmed Combat.
 A - an amulet of the acrobat (around neck)
 C - a +6 ring of dexterity
 M - a +6 ring of strength
 P - the cursed ring of Supernal Knowledge (right hand) {EV+5, Melee, Elem}
   (You found it in an ossuary)

   [ring of evasion]

   EV:        It affects your evasion (+5).
   It has a curse which improves the following skills: Melee Combat: Short
   Blades, Long Blades, Axes, Maces & Flails, Polearms, Staves and Unarmed
   Combat.
   Elements:  Fire Magic, Ice Magic, Air Magic and Earth Magic.
Wands
 r - a wand of mindburst (10)
 y - a wand of quicksilver (23)
 F - a wand of roots (8)
 J - a wand of flame (25)
Scrolls
 d - 3 scrolls of noise
 n - a scroll of magic mapping
 o - a scroll of teleportation
 q - 4 scrolls of amnesia
 w - 4 scrolls of torment
 B - 2 scrolls of immolation
 D - 3 scrolls of poison
 E - 2 scrolls of butterflies
 G - a scroll of enchant armour
 I - 6 scrolls of identify
 N - 2 scrolls of fog
 O - a scroll of silence
Potions
 b - a potion of magic
 g - a potion of attraction
 h - 3 potions of heal wounds
 j - a potion of might
 k - a potion of cancellation
 l - 2 potions of ambrosia
 u - 6 potions of curing
 v - a potion of brilliance
 x - 4 potions of mutation
 z - 2 potions of flight
 H - 3 potions of degeneration


   Skills:
 + Level 5.5 Fighting
 + Level 8.5(9.8) Dodging
 - Level 2.4(3.4) Stealth
 * Level 12.8 Spellcasting
 - Level 3.0(5.1) Conjurations
 - Level 3.0(5.1) Hexes
 - Level 1.1 Transmutations
 - Level 5.0(6.8) Earth Magic


You had 18 spell levels left.
You knew the following spells:

 Your Spells              Type           Power      Damage    Failure   Level
a - Sandblast             Erth           100%       2d20      1%          1
b - Passwall              Tmut/Erth      29%        N/A       1%          2
c - Stone Arrow           Conj/Erth      92%        3d12      1%          3
d - Dazzling Flash        Conj/Hex       82%        N/A       1%          3
e - Tukima's Dance        Hex            41%        N/A       1%          3
f - Petrify               Tmut/Erth      35%        N/A       7%          4

Your spell library contained the following spells:

 Spells                   Type           Power      Damage    Failure   Level
 Portal Projectile        Hex/Tloc       58%        N/A       3%          3
 Silence                  Hex/Air        14%        N/A       34%         5
 Blade Hands              Tmut           10%        N/A       54%         5
 Agony                    Necr           16%        N/A       71%         5


Dungeon Overview and Level Annotations

Branches:
Dungeon (9/15)             Temple (1/1) D:6         Ossuary (visited)
   Lair: D:8-11         Orc: D:9-12

Altars:
Ashenzari
Cheibriados
Dithmenos
Elyvilon
Fedhas
Gozag
Hepliaklqana
Kikubaaqudgha
Makhleb
Nemelex Xobeh
Qazlal
Ru
Sif Muna
Uskayaw
Wu Jian
Xom
Yredelemnul
Zin
The Shining One

Shops:
D:6 *   D:7 *

Annotations:
D:2 1 runed translucent door, Crazy Yiuf
D:8 Maurice


Message History

The centaur barely misses you. The centaur completely misses you.
Casting: Sandblast (safe; 1% risk of failure)
Confirm with . or Enter, or press ? or * to list all spells.
Aiming: Tukima's Dance (safe; 1% risk of failure)
Press: ? - help, Shift-Dir - straight line, f - you, p - centaur That would be overly suicidal.
Okay, then.
Casting: Tukima's Dance (safe; 1% risk of failure)
Confirm with . or Enter, or press ? or * to list all spells.
Aiming: Petrify (dangerous; 7% risk of failure)
Press: ? - help, Shift-Dir - straight line, f - centaur
Aim: a centaur (severely wounded, chance to affect: 63%)
The centaur is moving more slowly.
The centaur completely misses you. The centaur barely misses you.
You now have 30/37 mp.
Casting: Petrify (dangerous; 7% risk of failure)
Confirm with . or Enter, or press ? or * to list all spells.
Casting: Dazzling Flash (safe; 1% risk of failure)
Press: ? - help, Dir - look around, f - activate The hornet is dazzled.
The centaur hits you but does no damage.
The centaur kicks you but does no damage.
The centaur barely misses you. The centaur misses you.
You now have 27/37 mp.
Aiming: Sandblast (safe; 1% risk of failure)
Press: ? - help, Q - select action, (/) - cycle Shift-Dir - straight line, f - centaur
Aim: a centaur (severely wounded, petrifying slowly, 100% to hit)
The blast of sand hits the centaur!!
You kill the centaur!
The hornet barely misses you.
You now have 26/37 mp.
Aiming: Sandblast (safe; 1% risk of failure)
Press: ? - help, Q - select action, (/) - cycle Shift-Dir - straight line, f - hornet
Aim: a hornet (blind, 78% to hit)
The blast of sand hits the hornet!
The hornet is heavily wounded.
The hornet is no longer blind.
The hornet stings you!
* * * LOW HITPOINT WARNING * * *
You feel yourself slow down. The hornet stings you!
You die...

, , , * *
###** * .. ,
...*#####....
,
###.##.y......
#.....@### ,,
,, *
#.#.#.>..# ,,
* ## #..#.####
*
....##.......#
..........##.#
*
....##.####.#
,,
.#..#.......#
, #. #..######
, ##..#..# , ,


You could see a hornet.

Vanquished Creatures
  Prince Ribbit (D:8)
  2 wargs (D:8)
  A water moccasin (D:7)
  2 black bears (D:6)
  2 orc warriors
  2 ice beasts (D:7)
  A sky beast (D:6)
  3 centaurs
  2 phantoms
  A kobold brigand (D:8)
  3 bullfrogs
  9 scorpions (Ossuary)
  3 wights (D:7)
  A centaur zombie (Ossuary)
  2 jellies (D:3)
  6 orc priests
  4 gnoll boudas
  5 hounds
  2 human zombies (Ossuary)
  3 iguanas
  2 sleepcaps
  2 orc wizards
  6 scorpion zombies (Ossuary)
  3 mummies (Ossuary)
  6 adders
  16 gnolls
  2 shadow imps
  2 white imps (D:7)
  An ufetubus (D:6)
  2 worms
  6 dart slugs
  25 orcs
  4 ball pythons
  7 bats
  7 endoplasms
  2 giant cockroaches (D:3)
  10 goblins
  6 hobgoblins
  9 jackals
  4 kobolds
  2 quokkas
  4 frilled lizards
  A goblin zombie (Ossuary)
  2 hobgoblin zombies (Ossuary)
  2 orc zombies (Ossuary)
  4 rats
192 creatures vanquished.

Vanquished Creatures (collateral kills)
  Psyche (D:9)
  A killer bee (D:8)
  A gnoll (D:9)
  3 orcs (D:8)
6 creatures vanquished.

Vanquished Creatures (others)
  2 dancing weapons
  3 plants (D:8)
5 creatures vanquished.

Grand Total: 203 creatures vanquished

Notes
Turn   | Place    | Note
-------+----------+-------------------------------------------
     0 | D:1      | jasper the Deep Elf Earth Elementalist began the quest for
                  | the Orb.
     0 | D:1      | Reached XP level 1. HP: 10/10 MP: 6/6
   274 | D:1      | Reached XP level 2. HP: 15/15 MP: 2/8
   479 | D:1      | Found a faded altar of an unknown god.
   860 | D:2      | Learned a level 2 spell: Passwall
   981 | D:2      | Reached XP level 3. HP: 19/19 MP: 7/9
   985 | D:2      | Learned a level 3 spell: Stone Arrow
  1007 | D:2      | Found a runed translucent door.
  1008 | D:2      | Noticed Crazy Yiuf
  1234 | D:2      | Reached skill level 5 in Earth Magic
  1457 | D:2      | Reached skill level 1 in Conjurations
  1482 | D:2      | Reached XP level 4. HP: 24/24 MP: 10/10
  1666 | D:3      | Learned a level 3 spell: Dazzling Flash
  1704 | D:3      | Found a white marble altar of Elyvilon.
  2000 | D:3      | Reached XP level 5. HP: 28/28 MP: 11/11
  2024 | D:3      | Found a shimmering altar of Xom.
  2421 | D:4      | Reached skill level 4 in Spellcasting
  2679 | D:4      | Found a hazy altar of Hepliaklqana.
  2686 | D:4      | Found a broken altar of Ashenzari.
  2699 | D:4      | Reached skill level 1 in Fighting
  2699 | D:4      | Reached XP level 6. HP: 34/34 MP: 14/14
  2742 | D:4      | Became a worshipper of Ashenzari the Shackled
  2967 | D:5      | Entered Level 5 of the Dungeon
  2968 | D:5      | Noticed a water moccasin
  3296 | D:5      | Reached skill level 5 in Spellcasting
  3712 | D:6      | Reached XP level 7. HP: 32/39 MP: 17/17
  3777 | D:6      | Found a staircase to the Ecumenical Temple.
  3855 | D:6      | Reached skill level 6 in Spellcasting
  3938 | D:6      | Reached skill level 7 in Spellcasting
  3950 | D:6      | Reached skill level 5 in Dodging
  4047 | D:6      | Reached XP level 8. HP: 45/45 MP: 21/21
  4062 | D:6      | Found Kysiteej's Assorted Antiques.
  4076 | D:6      | Bought a scroll labelled GEUSSI UPHUMO for 23 gold pieces
  4124 | D:6      | Learned a level 3 spell: Tukima's Dance
  4133 | D:6      | Learned a level 4 spell: Petrify
  4299 | D:6      | Noticed an angel
  4300 | D:6      | Found a glowing silver altar of Zin.
  4349 | Temple   | Entered the Ecumenical Temple
  4462 | D:7      | Reached skill level 8 in Spellcasting
  4560 | D:6      | Bought a thin jewelled staff for 276 gold pieces
  4861 | D:7      | Reached skill level 9 in Spellcasting
  4861 | D:7      | Reached * piety under Ashenzari
  5352 | D:7      | Reached ** piety under Ashenzari
  5354 | D:7      | Found Wiyqaw's CLEARANCE SALE!.
  5601 | D:8      | Noticed Maurice
  5613 | D:8      | Noticed Prince Ribbit
  5628 | D:8      | Found a sand-covered staircase.
  5633 | Ossuary  | Entered an ossuary
  5677 | Ossuary  | Reached skill level 10 in Spellcasting
  5732 | Ossuary  | Reached XP level 9. HP: 52/52 MP: 25/25
  6004 | Ossuary  | Reached skill level 11 in Spellcasting
  6180 | D:8      | Killed Prince Ribbit
  6371 | D:8      | Reached skill level 5 in Fighting
  6425 | D:8      | Reached skill level 12 in Spellcasting
  6503 | D:8      | Noticed a kobold demonologist
  6512 | D:8      | Noticed a sixfirhy
  6512 | D:8      | Noticed an ice devil
  6933 | D:9      | Noticed Psyche
  6965 | D:9      | Killed Psyche
  6966 | D:9      | Reached XP level 10. HP: 37/59 MP: 28/28
  6971 | D:9      | Identified the cursed +0 pair of gloves "I Foresaw This"
                  | {Cun, Bglg} (You found it on level 3 of the Dungeon)
  6971 | D:9      | Identified the cursed +1 robe of Ashenzari's Ordeal {Elem,
                  | Bglg}
  6971 | D:9      | Identified the cursed ring "Restrained Urgency" {MP+9,
                  | Bglg, Melee} (You found it on level 2 of the Dungeon)
  6971 | D:9      | Identified the cursed ring of Supernal Knowledge {EV+5,
                  | Melee, Elem} (You found it in an ossuary)
  7123 | D:9      | Slain by a hornet

Illustrated notes

Levels and vault maps discovered:
D:1:      dpeg_arrival_leaves_temple_mockup, layout_loops_ring,
          ebering_ecumenical_altar_ruins, minmay_misc_feat_columns,
          chequers_serial_rivers_micro_b, chequers_serial_rivers_marsh
D:2:      cheibrodos_greedy_goblins, layout_loops_ring, uniq_crazy_yiuf_cottage
D:3:      layout_rooms, dk_xom_monty_hall, mainiacjoe_overflow_catwalk,
          dk_vineyard_3
D:4:      layout_basic, mainiacjoe_overflow_large_starburst, serial_rivers,
          chequers_serial_rivers_small_3, chequers_serial_rivers_room_a,
          chequers_serial_rivers_micro_a, chequers_serial_rivers_micro_e,
          chequers_serial_rivers_micro_b
D:5:      layout_loops_cross, chequers_serial_rivers_marsh, dk_rats_in_the_wall
D:6:      layout_cave_pools, zin_angel, temple_pool_b, serial_shops,
          nicolae_shop_advertising_works [nicolae_subvault_shop_adworks]
D:7:      cheibrodos_quashed, layout_basic, nicolae_shop_clearance
D:8:      layout_basic, erik_lair_orcish_takeover,
          nicolae_ossuary_entry_false_entrances, nicolae_figureground_pulse,
          uniq_maurice, uniq_joseph, uniq_prince_ribbit1
D:9:      layout_basic, marbit_many_paths, uniq_psyche, uniq_erica
Temple:   eino_temple_lava

Skill      XL: |  1  2  3  4  5  6  7  8  9 |
---------------+----------------------------+-----
Earth Magic    | 4 5 |  5.0
Conjurations   | 1 3 |  3.0
Hexes          | 2 3 |  3.0
Spellcasting   | 4 5 7 10 12 | 12.8
Fighting       | 1 2 4 5 |  5.5
Dodging        | 3 5 6 8 |  8.5
Stealth        | |  2.4
Transmutations | |  1.1

Action                     |  1- 3 |  4- 6 |  7- 9 | 10-12 || total
---------------------------+-------+-------+-------+-------++-------
  Melee: Unarmed           |       |       |     9 |       ||     9
         Rapier            |       |       |     1 |       ||     1
  Throw: Stone             |    14 |     3 |     2 |       ||    19
         Dart              |       |    20 |     5 |       ||    25
   Cast: Sandblast         |    55 |    81 |   207 |    12 ||   355
         Passwall          |       |     1 |       |       ||     1
         Tukima's Dance    |       |       |    19 |     1 ||    20
         Petrify           |       |       |     1 |     1 ||     2
         Dazzling Flash    |       |       |       |     1 ||     1
 Invoke: Curse Item        |       |       |     4 |       ||     4
  Evoke: Wand              |       |     3 |       |       ||     3
    Use: Scroll            |     4 |     2 |     3 |       ||     9
         Potion            |       |       |     4 |       ||     4
 Armour: Robe              |     3 |     5 |    23 |     2 ||    33
         Skin              |       |       |     4 |       ||     4
  Dodge: Dodged            |     4 |    28 |   120 |    11 ||   163

Table legend: (Time is in decaauts)
 A = Elapsed time spent in this place.
 B = Non-inter-level travel time spent in this place.
 C = Inter-level travel time spent in this place.
 D = Time resting spent in this place.
 E = Time spent auto-exploring this place.
 F = Levels seen in this place.
 G = Mean time per level.
                   A        B        C        D        E       F      G
               +--------+--------+--------+--------+--------+-----+--------+
         Total |   7300 |   7042 |    258 |    534 |   5069 |  11 |  663.6 |
       Dungeon |   6692 |   6443 |    249 |    534 |   4647 |   9 |  743.6 |
        Temple |     64 |     55 |      9 |      0 |     47 |   1 |   64.0 |
       Ossuary |    543 |    543 |      0 |      0 |    375 |   1 |  543.0 |
               +--------+--------+--------+--------+--------+-----+--------+

Top non-repeatable levels by time:
     D:7: 1122 daAuts
     D:4: 1007 daAuts
     D:1: 867 daAuts
     D:6: 707 daAuts
     D:2: 666 daAuts
     D:3: 648 daAuts
     D:9: 598 daAuts
     D:5: 586 daAuts
 Ossuary: 543 daAuts
     D:8: 486 daAuts
  Temple: 64 daAuts
